 Dungeon Crawl Stone Soup version 0.25-a0-781-gc44aebf4fe (webtiles) character file.

Game seed: 5026517530316925674, levelgen mode: deterministic

9580 kae the Grappler (level 11, -1/85 HPs)
             Began as a Red Draconian Transmuter on Apr 15, 2020.
             Was a Believer of Makhleb.
             Slain by Urug
             ... wielding a +4 scimitar of holy wrath
              (17 damage)
             ... on level 10 of the Dungeon.
             The game lasted 00:18:48 (14196 turns).

kae the Grappler (Red Draconian Transmuter)        Turns: 14196, Time: 00:18:49

Health: -1/85      AC: 11    Str: 15    XL:     11   Next: 24%
Magic:  13/23      EV: 12    Int: 16    God:    Makhleb [**....]
Gold:   624        SH:  3    Dex: 12    Spells: 11/26 levels left

rFire    + + .     SeeInvis .     - Unarmed
rCold    . . .     Gourm    .   (shield currently unavailable)
rNeg     . . .     Faith    .   (armour unavailable)
rPois    .         Spirit   .   (helmet restricted)
rElec    .         Reflect  +   d - +1 cloak
rCorr    .         Harm     .   (gloves currently unavailable)
MR       .....                  (no boots)
Stlth    +.........             l - +3 amulet of reflection
HPRegen  0.24/turn              r - +2 ring of protection
MPRegen  0.18/turn              (no ring)

@: short of breath, blade hands (expiring), starving, lightly drained
A: breathe fire, unfitting armour, clever 1, fire resistance 2, cold-blooded,
subdued magic 1, AC +7
a: Breathe Fire, End Transformation, Minor Destruction, Renounce Religion


You were on level 10 of the Dungeon.
You worshipped Makhleb.
Makhleb was pleased with you.
You were starving.
You had blades for hands.
You visited 2 branches of the dungeon, and saw 11 of its levels.
You also visited: Ossuary.

You collected 624 gold pieces.

Inventory:

Missiles
 a - 164 arrows
Armour
 d - a +1 cloak (worn)
Jewellery
 l - a +3 amulet of reflection (around neck)
 r - a +2 ring of protection (left scythe-like blade)
Wands
 q - a wand of acid (6)
 u - a wand of random effects (26)
 v - a wand of flame (16)
 w - a wand of digging (7)
Scrolls
 e - 3 scrolls of teleportation
 h - 7 scrolls of remove curse
 i - a scroll of fog
 m - 3 scrolls of enchant armour
 t - 4 scrolls of magic mapping
 y - a scroll of fear
Potions
 b - 6 potions of stabbing
 f - 2 potions of brilliance
 g - 2 potions of might
 j - 3 potions of lignification
 k - 4 potions of curing
 n - a potion of cancellation
 o - a potion of haste
 p - 2 potions of flight
 s - a potion of berserk rage
 x - a potion of heal wounds {unknown}
 A - a potion of magic {unknown}
 B - a potion of mutation
Comestibles
 c - 13 rations


   Skills:
 + Level 4.3(4.1) Fighting
 - Level 1.7(1.6) Dodging
 * Level 12.3(12.1) Unarmed Combat
 + Level 8.2(8.0) Spellcasting
 + Level 8.9(8.7) Transmutations


You had 11 spell levels left.
You knew the following spells:

 Your Spells              Type           Power        Failure   Level  Hunger
a - Beastly Appendage     Tmut           ####..       8%          1    None
b - Sticks to Snakes      Tmut           ####....     10%         2    None
c - Spider Form           Tmut/Pois      ###.......   30%         3    ##.....
d - Ice Form              Ice/Tmut       ###.....     56%         4    ####...
e - Blade Hands           Tmut           ####......   38%         5    #####..

Your spell library contained the following spells:

 Spells                   Type           Power        Failure   Level  Hunger


Dungeon Overview and Level Annotations

Branches:
Dungeon (10/15)            Temple (1/1) D:7            Lair (0/6) D:9
    Orc (0/2) D:9         Ossuary (visited)

Altars:
Ashenzari
Cheibriados
Dithmenos
Elyvilon
Fedhas
Gozag
Hepliaklqana
Kikubaaqudgha
Makhleb
Nemelex Xobeh
Okawaru
Qazlal
Ru
Sif Muna
Trog
Uskayaw
Vehumet
Wu Jian
Xom
Yredelemnul
Zin
The Shining One

Shops:
D:5 :

Annotations:
D:10 Urug


Innate Abilities, Weirdness & Mutations

You can breathe blasts of fire.
Your fiery red scales are hard. (AC +7)
You cannot fit into any form of body armour.
Your flesh is very heat resistant. (rF++)
You are cold-blooded and may be slowed by cold attacks.
Your mind is acute. (Int +2)
Your spells are a little easier to cast, but a little less powerful.


Message History

Casting: Blade Hands (slightly dangerous; 7% risk of failure)
Confirm with . or Enter, or press ? or * to list all spells.
Your hands turn into razor-sharp scythe blades.
You are starving!
You feel sick.
Urug is engulfed in blazing flames.
Urug squints and says, "My one eye mightn't be all that good, but I can see you just fine with it, harpy."
Urug hits you with a +4 scimitar of holy wrath!
* * * LOW HITPOINT WARNING * * *
You feel better.
Your transformation is almost over.
Urug is engulfed in blazing flames.
Urug hits you with a +4 scimitar of holy wrath.
* * * LOW HITPOINT WARNING * * *
You slice Urug!!
Urug is heavily wounded.
You barely miss Urug. You tail-slap Urug, but do no damage.
Urug is heavily wounded.
Urug is engulfed in blazing flames.
Urug hits you with a +4 scimitar of holy wrath!
You die...

.## ##.#.# ......
...####....####+####......
.....<........#!#.........
....).).......###.......
..#.))................#
#.##)..........###.O..#
....<.........###Z†#
..##............#o## #
###..........@.#
##........#.#.#.......
#........#######.....!
#........## ##...#
###.......# .### ##(##..##
# #######


You could see Urug, a two-headed ogre and a bullfrog zombie.

Vanquished Creatures
  Pikel (D:7)
  Maggie (D:6)
  A queen bee (D:9)
  Grinder (D:3)
  Prince Ribbit (D:7)
  2 hippogriffs
  Grum (D:8)
  A wyvern (D:8)
  Eustachio (D:5)
  A hungry ghost (D:9)
  Duvessa (D:7)
  A water moccasin (D:5)
  3 porcupines
  A slave (D:7)
  5 ice beasts
  2 orc warriors
  2 sky beasts (D:8)
  3 black bears
  3 wolves (D:8)
  8 ogres
  A phantom (D:9)
  5 centaurs
  6 bullfrogs
  Dowan (D:7)
  A wyvern skeleton (D:8)
  11 scorpions
  2 water moccasin skeletons
  24 killer bees
  5 wights (D:10)
  2 howler monkeys (D:8)
  2 crimson imps
  7 centaur zombies
  A quasit (D:8)
  5 human zombies (Ossuary)
  A jelly (D:9)
  7 orc priests
  8 hounds
  3 bullfrog skeletons (D:6)
  13 orc wizards
  3 iguanas
  3 worker ants
  A big kobold zombie (Ossuary)
  A worker ant zombie (D:8)
  3 mummies (Ossuary)
  7 gnolls
  6 scorpion zombies (Ossuary)
  7 adders
  A howler monkey skeleton (D:5)
  An adder zombie (D:5)
  3 adder skeletons
  A worm (D:6)
  3 dart slugs (D:1)
  4 leopard geckos
  35 orcs
  6 bats
  6 giant cockroaches
  10 hobgoblins
  20 jackals
  5 kobolds
  5 quokkas
  A ball python (D:6)
  9 frilled lizards
  3 gnoll zombies (Ossuary)
  13 goblins
  3 goblin zombies (Ossuary)
  A hobgoblin zombie (Ossuary)
  A leopard gecko skeleton (D:5)
  An orc zombie (Ossuary)
  2 quokka skeletons
  2 quokka zombies (D:8)
  5 rats
  A rat zombie (D:5)
318 creatures vanquished.

Vanquished Creatures (others)
  A scorpion (Ossuary)
  A gnoll zombie (Ossuary)
  6 fungi (D:9)
8 creatures vanquished.

Grand Total: 326 creatures vanquished

Notes
Turn   | Place    | Note
-------+----------+-------------------------------------------
     0 | D:1      | kae the Draconian Transmuter began the quest for the Orb.
     0 | D:1      | Reached XP level 1. HP: 16/16 MP: 3/3
   349 | D:1      | Reached XP level 2. HP: 20/23 MP: 5/5
   684 | D:1      | Reached XP level 3. HP: 27/28 MP: 4/6
   694 | D:1      | Learned a level 2 spell: Sticks to Snakes
   698 | D:1      | Learned a level 3 spell: Spider Form
  1276 | D:2      | Found a shimmering altar of Xom.
  1499 | D:2      | Reached skill level 4 in Unarmed Combat
  1732 | D:2      | Reached XP level 4. HP: 32/35 MP: 7/7
  2828 | D:3      | Reached XP level 5. HP: 25/40 MP: 5/9
  3175 | D:3      | Found a glowing silver altar of Zin.
  3225 | D:3      | Found an opulent altar of Gozag.
  3384 | D:3      | Noticed Grinder
  3399 | D:3      | Killed Grinder
  3399 | D:3      | Reached skill level 5 in Unarmed Combat
  3399 | D:3      | Reached XP level 6. HP: 18/47 MP: 6/11
  3671 | D:3      | Found a shadowy altar of Dithmenos.
  3787 | D:3      | Found a faded altar of an unknown god.
  4172 | D:4      | Reached skill level 6 in Unarmed Combat
  4172 | D:4      | Your scales start taking on a fiery red colour.
  4172 | D:4      | Reached XP level 7. HP: 52/52 MP: 9/12
  4172 | D:4      | Gained mutation: Your flesh is heat resistant. (rF+) [Red
                  | Draconian growth]
  4815 | D:4      | Reached skill level 7 in Unarmed Combat
  5191 | D:4      | Found an ancient bone altar of Kikubaaqudgha.
  5257 | D:5      | Entered Level 5 of the Dungeon
  5260 | D:5      | Noticed Eustachio
  5263 | D:5      | Reached XP level 8. HP: 49/59 MP: 10/14
  5525 | D:5      | Reached skill level 5 in Transmutations
  5607 | D:5      | Killed Eustachio
  5607 | D:5      | Reached skill level 8 in Unarmed Combat
  5607 | D:5      | Reached skill level 5 in Spellcasting
  5619 | D:5      | Gained mutation: Your spells are a little easier to cast,
                  | but a little less powerful. [potion of mutation]
  5619 | D:5      | Gained mutation: Your mind is acute. (Int +2) [potion of
                  | mutation]
  5619 | D:5      | Gained mutation: Your flesh is very heat resistant. (rF++)
                  | [potion of mutation]
  5736 | D:5      | Found Vomil's Book Boutique.
  5820 | D:5      | Found a sand-covered staircase.
  5832 | Ossuary  | Entered an ossuary
  6126 | Ossuary  | Reached XP level 9. HP: 64/64 MP: 17/17
  6166 | Ossuary  | Reached skill level 9 in Unarmed Combat
  7378 | D:5      | Found a faded altar of an unknown god.
  7378 | D:5      | Found a faded altar of an unknown god.
  7387 | D:5      | Found a radiant altar of Vehumet.
  7389 | D:5      | Found a hide-covered altar of Uskayaw.
  7390 | D:5      | Found a basalt altar of Yredelemnul.
  7594 | D:6      | Noticed Maggie
  7780 | D:6      | Reached skill level 10 in Unarmed Combat
  8917 | D:6      | Found a glowing golden altar of the Shining One.
  9215 | D:6      | Learned a level 4 spell: Ice Form
  9221 | D:6      | Learned a level 5 spell: Blade Hands
  9230 | D:6      | Killed Maggie
  9301 | D:7      | Reached XP level 10. HP: 54/71 MP: 10/20
  9645 | D:7      | Found a staircase to the Ecumenical Temple.
  9695 | Temple   | Entered the Ecumenical Temple
  9765 | Temple   | Became a worshipper of Makhleb the Destroyer
  9787 | D:7      | Noticed Pikel
  9789 | D:7      | Noticed Prince Ribbit
  9794 | D:7      | Noticed Duvessa
  9796 | D:7      | Killed Pikel
  9796 | D:7      | Reached skill level 11 in Unarmed Combat
  9797 | D:7      | Noticed Dowan
  9807 | D:7      | Killed Duvessa
  9812 | D:7      | Killed Dowan
  9868 | D:7      | Killed Prince Ribbit
 10949 | D:8      | Reached * piety under Makhleb
 11385 | D:8      | Noticed Grum
 11412 | D:8      | Killed Grum
 12754 | D:9      | Found a staircase to the Lair.
 12776 | D:9      | Reached skill level 12 in Unarmed Combat
 12822 | D:9      | Reached ** piety under Makhleb
 12822 | D:9      | Reached XP level 11. HP: 48/82 MP: 17/22
 13608 | D:9      | Found a staircase to the Orcish Mines.
 14046 | D:10     | Entered Level 10 of the Dungeon
 14175 | D:10     | Noticed Urug
 14191 | D:10     | Noticed a two-headed ogre
 14196 | D:10     | Slain by Urug

Levels and vault maps discovered:
D:1:      dpeg_arrival_radiant, layout_loops_ring,
          hangedman_decor_clover_reticule, kennysheep_decorative_pillar
D:2:      layout_basic, xom_teletrap_fun, first_ration, dk_noncrumbling_3
D:3:      layout_basic, zin_academy, nicolae_overflow_hidden_temple,
          chequers_ecumenical_altar_simple_redux, st_stairs_1,
          grunt_gozag_statues, uniq_grinder
D:4:      layout_loops_cross, kennysheep_mini_moat, nrook_mini_vaults,
          nrook_mini_backslash
D:5:      layout_rooms, chequers_temple_overflow_minitemple, serial_glass,
          glass_columns_a, glass_columns_a, minmay_strange_pillars,
          item_on_display_a, minmay_strange_pillars, enter_ossuary_3,
          serial_shops, shop, st_stairs_9, kennysheep_generic_room_7,
          uniq_eustachio
D:6:      layout_loops_corners, marbit_many_paths, hangedman_decor_riveting,
          hangedman_abyss_or_decor_slice, uniq_maggie
D:7:      layout_cave_pools, minmay_temple_entry_purple_smoke, uniq_duvessa,
          uniq_pikel, uniq_prince_ribbit1
D:8:      layout_gridville, uniq_grum
D:9:      layout_stronghold, due_lair_maze_entry_diamond, david_nohive_1
D:10:     layout_cave_pools, minivault_26, minmay_misc_feat_enclosed,
          grunt_tough_drop, uniq_urug
Temple:   cyrus_circular_temple

Skill      XL: |  1  2  3  4  5  6  7  8  9 10 11 |
---------------+----------------------------------+-----
Unarmed Combat | 4 5 6 7 8 10 12 | 12.3
Transmutations | 3 4 6 7 8 |  8.9
Spellcasting   | 3 4 5 6 7 8 |  8.2
Fighting       | 3 4 |  4.3
Dodging        | |  1.7

Action                   |  1- 3 |  4- 6 |  7- 9 | 10-12 || total
-------------------------+-------+-------+-------+-------++-------
Melee: Unarmed           |   158 |   123 |   428 |   351 ||  1060
       Kick              |     8 |     1 |     3 |     3 ||    15
       Tailslap          |     4 |     9 |    24 |    32 ||    69
       Headbutt          |     6 |     2 |     3 |       ||    11
       Punch             |       |     1 |    17 |    13 ||    31
 Cast: Beastly Appendage |    27 |     3 |     6 |     1 ||    37
       Spider Form       |       |    13 |    10 |     4 ||    27
       Sticks to Snakes  |       |       |     4 |       ||     4
       Blade Hands       |       |       |     2 |    22 ||    24
 Abil: Breathe Fire      |       |       |    25 |    13 ||    38
       End Transformatio |       |       |       |     2 ||     2
  Use: Scroll            |     1 |     5 |     7 |     3 ||    16
       Potion            |       |     1 |     5 |     1 ||     7
 Stab: Sleeping          |     1 |     1 |       |     1 ||     3
       Distracted        |       |       |       |     2 ||     2
  Eat: Chunk             |     3 |    10 |    15 |    17 ||    45
       Ration            |       |       |     2 |     2 ||     4
Armor: Skin              |    55 |    28 |   123 |   127 ||   333
Dodge: Dodged            |   107 |   115 |   183 |   245 ||   650
Block: Other             |       |       |    42 |    36 ||    78
       Reflection        |       |       |     3 |       ||     3

Table legend:
 A = Non-vault XP
 B = Vault XP
 C = Vault XP percentage of total XP
 D = Non-vault monster count
 E = Vault monster count
 F = Vault count percentage of total count
                 A         B        C        D         E       F
            +---------+---------+-------+---------+---------+-------
      Total |    7731 |    5956 |  43.5 |     238 |      78 |  24.7
            +---------+---------+-------+---------+---------+-------
        D:1 |      51 |       0 |   0.0 |      27 |       0 |   0.0
        D:2 |     110 |       0 |   0.0 |      27 |       0 |   0.0
        D:3 |     177 |     275 |  60.8 |      15 |       3 |  16.7
        D:4 |     795 |       0 |   0.0 |      32 |       0 |   0.0
        D:5 |     996 |     348 |  25.9 |      31 |       6 |  16.2
        D:6 |     989 |     361 |  26.7 |      29 |       2 |   6.5
        D:7 |     952 |    1079 |  53.1 |      15 |       4 |  21.1
        D:8 |    1878 |     961 |  33.8 |      41 |       8 |  16.3
        D:9 |    1033 |    1819 |  63.8 |      10 |      21 |  67.7
       D:10 |     750 |       0 |   0.0 |      11 |       0 |   0.0
    Ossuary |       0 |    1113 | 100.0 |       0 |      34 | 100.0
            +---------+---------+-------+---------+---------+-------
